 Dungeon Crawl Stone Soup version 0.32-a0-22-g6ae6769602 (webtiles) character file.

Game seed: 11617830333311970652

1134 case the Poker (level 8, -5/61 HPs)
             Began as a Human Delver on Jan 18, 2024.
             Was a Believer of Okawaru.
             Slain by a boulder beetle (14 damage)
             ... on level 7 of the Dungeon.
             The game lasted 00:14:41 (5821 turns).

case the Poker (Human Delver)                       Turns: 5821, Time: 00:14:42

Health: -5/61      AC:  6    Str: 15    XL:     8   Next: 36%
Magic:  8/8        EV: 11    Int: 14    God:    Okawaru [**....]
Gold:   276        SH:  0    Dex: 20    Spells: 7/7 levels left

rFire   . . .        w - -3 triple sword
rCold   . . .        (shield currently unavailable)
rNeg    . . .        k - +0 ring mail of the Bard {rCorr Int+3}
rPois   .            (no helmet)
rElec   .            (no cloak)
rCorr   +            (no gloves)
SInv    .            d - +0 pair of boots
Will    .....        (no amulet)
Stlth   +++          j - +6 ring of dexterity
HPRegen 0.30/turn    (no ring)
MPRegen 0.11/turn

%: no passive effects
@: no status effects
A: explore regen
a: Renounce Religion, Heroism


You were on level 7 of the Dungeon.
You worshipped Okawaru.
Okawaru was pleased with you.
You visited 2 branches of the dungeon, and saw 8 of its levels.

You collected 278 gold pieces.
You spent 2 gold pieces at shops.

Inventory:

Hand Weapons
 a - a +0 spear
 v - a -3 triple crossbow
 w - a -3 triple sword (weapon)
Armour
 b - a +0 leather armour
 d - a +0 pair of boots (worn)
 k - the +0 ring mail of the Bard (worn) {rCorr Int+3}
   (You found it on level 2 of the Dungeon)

   Int+3:     It affects your intelligence (+3).
   rCorr:     It protects you from acid and corrosion.
Jewellery
 j - a +6 ring of dexterity (left hand)
Wands
 g - a wand of digging (3)
 r - a wand of roots (13)
Scrolls
 c - a scroll of fog
 l - 5 scrolls of teleportation
Potions
 f - 2 potions of haste
 h - 2 potions of curing
 o - a potion of mutation
 t - a potion of brilliance


   Skills:
 - Level 4.5 Fighting
 + Level 5.1 Long Blades
 - Level 7.3 Polearms
 - Level 1.4 Ranged Weapons
 - Level 2.0 Dodging
 - Level 5.0 Stealth


You had 7 spell levels left.
You didn't know any spells.
Your spell library contained the following spells:

 Spells                   Type           Power      Damage    Failure   Level
 Magic Dart               Conj           0%         1d3       50%         1
 Blink                    Tloc           0%         N/A       65%         2
 Call Imp                 Summ           Unusable   N/A       N/A         2

Dungeon Overview and Level Annotations

Branches:
Dungeon (7/15)             Temple (1/1) D:5

Altars:
Ashenzari
Cheibriados
Dithmenos
Elyvilon
Fedhas
Gozag
Hepliaklqana
Kikubaaqudgha
Makhleb
Okawaru
Qazlal
Sif Muna
Trog
Uskayaw
Vehumet
Wu Jian
Xom
Yredelemnul
Zin
The Shining One

Shops:
D:6 *

Annotations:
D:5 Eustachio
D:6 2 transporters, IdlyInterested's ghost, novice DsFi
D:7 Maggie


Innate Abilities, Weirdness & Mutations

You regain HP and MP as you explore.


Message History

You barely miss the sky beast.
The sky beast is severely wounded.
The sky beast hits you but does no damage.
You closely miss the sky beast.
The sky beast is severely wounded.
The sky beast hits you but does no damage. x2
You closely miss the sky beast.
The sky beast is severely wounded.
The sky beast hits you but does no damage.
You completely miss the sky beast.
The sky beast is severely wounded.
The sky beast barely misses you. x2
You barely miss the sky beast.
The sky beast is heavily wounded.
The sky beast hits you. The sky beast shocks you. The sky beast hits you.
The sky beast shocks you.
You slice the sky beast!!
You kill the sky beast!
Okawaru accepts your kill.
Your Long Blades skill increases to level 5!
You see here a sky beast corpse.
You start resting.
A boulder beetle is nearby!
HP restored.
The boulder beetle curls into a ball and begins rolling!
The boulder beetle hits you!!!
Ouch! That really hurt!
The boulder beetle stops rolling and uncurls.
The boulder beetle curls into a ball and begins rolling!
The boulder beetle attacks as it pursues you!
The boulder beetle hits you!
* * * LOW HITPOINT WARNING * * *
The boulder beetle stops rolling and uncurls.
The boulder beetle misses you.
The boulder beetle attacks as it pursues you!
The boulder beetle barely misses you.
The air fills with toxic fumes!
As you read the scroll of poison, it crumbles to dust.
The boulder beetle bites you!
You die...

..#.○# #.##.# ......
#.##§# ..##.# #.##§#
..##. #.##§# ..##.
#.##§# ..##. #.##§#
..##.## #.##§#
......########§##§##
.........§§§§§§B@§§#
.........§§§§§§§§§##
#.....§§§§§§#### #
#..########## #.
#..# ..##..####
.........####
#............
#..#..##.####


You could see a boulder beetle.

Vanquished Creatures
  A water moccasin (D:6)
  A black bear (D:6)
  A sky beast (D:7)
  A phantom (D:6)
  A bullfrog (D:6)
  3 scorpions
  2 bombardier beetles
  2 howler monkeys
  2 hounds
  An orc priest (D:5)
  An iguana (D:6)
  4 gnolls
  11 adders
  A white imp (D:6)
  2 ufetubi (D:6)
  4 dart slugs
  3 ribbon worms (D:2)
  6 orcs
  9 endoplasms
  A giant cockroach (D:4)
  9 goblins
  7 hobgoblins
  5 jackals
  6 quokkas
  6 ball pythons
  3 bats
  4 frilled lizards (D:1)
  9 kobolds
  3 rats
109 creatures vanquished.

Notes
Turn   | Place    | Note
-------+----------+-------------------------------------------
     0 | D:5      | case the Human Delver began the quest for the Orb.
     0 | D:5      | Reached XP level 1. HP: 18/18 MP: 1/1
     3 | D:5      | Found a staircase to the Ecumenical Temple.
     3 | D:5      | Noticed an orc priest
    17 | D:5      | Reached XP level 2. HP: 24/24 MP: 2/2
    37 | D:5      | Reached skill level 3 in Polearms
    37 | D:5      | Reached XP level 3. HP: 21/29 MP: 3/3
    41 | Temple   | Entered the Ecumenical Temple
    49 | Temple   | Became a worshipper of Warmaster Okawaru
   154 | D:4      | Reached skill level 4 in Polearms
   256 | D:3      | Reached XP level 4. HP: 30/35 MP: 4/4
   503 | D:2      | Identified the +0 ring mail of the Bard {rCorr Int+3}
  1554 | D:3      | Reached skill level 5 in Polearms
  1564 | D:3      | Reached XP level 5. HP: 40/41 MP: 5/5
  2074 | D:2      | HP: 2/41 [gnoll/+0 club (5)]
  2627 | D:3      | Found a faded altar of an unknown god.
  2631 | D:3      | Found a white marble altar of Elyvilon.
  2683 | D:4      | Reached XP level 6. HP: 37/47 MP: 6/6
  2777 | D:4      | Reached skill level 6 in Polearms
  2837 | D:4      | Identified the +0 robe of Impermeability {-Tele Fly rN+}
  3613 | D:5      | Noticed a water moccasin
  3621 | D:5      | Noticed Eustachio
  3658 | D:6      | Reached * piety under Okawaru
  3659 | D:6      | Reached XP level 7. HP: 50/54 MP: 7/7
  3709 | D:6      | Reached skill level 7 in Polearms
  3871 | D:6      | Found a transporter.
  4030 | D:6      | Noticed a shadow
  4154 | D:6      | Found Tomud Uwn's Lightly-Used Armoury.
  4157 | D:6      | Bought a -3 triple crossbow for 1 gold piece
  4157 | D:6      | Bought a -3 triple sword for 1 gold piece
  4160 | D:6      | Found a shimmering blue altar of Sif Muna.
  4169 | D:6      | Reached skill level 1 in Long Blades
  4169 | D:6      | Reached skill level 1 in Ranged Weapons
  4178 | D:6      | Identified the +1 spear "Geus" {vamp, Dex+4}
  4178 | D:6      | Identified the +0 kite shield "Obloum" {rCorr Str-3 Slay+6
                  | Stlth+}
  4191 | D:6      | HP: 2/55 [ice beast (13)]
  4353 | D:6      | HP: 1/55 [water moccasin (8)]
  4629 | D:6      | Reached ** piety under Okawaru
  4644 | D:6      | Reached XP level 8. HP: 45/61 MP: 8/8
  5065 | D:6      | Found a transporter.
  5068 | D:6      | Noticed IdlyInterested's ghost (novice DsFi)
  5209 | D:7      | Noticed Maggie
  5429 | D:7      | Noticed a boulder beetle
  5707 | D:7      | Reached skill level 5 in Long Blades
  5821 | D:7      | Slain by a boulder beetle

Illustrated notes

Levels and vault maps discovered:
D:1:      eino_arrival_druids_welcome, layout_basic
D:2:      layout_rooms
D:3:      kennysheep_big_flooded_room, layout_loops_corners,
          nicolae_overflow_ecumenical_swirl, dreamdust_wishing_well,
          patterned_corridor
D:4:      layout_basic, minmay_vboxes
D:5:      layout_cave_pools, minmay_temple_entry_proselytizer, uniq_eustachio
D:6:      layout_basic, nicolae_sif_muna_condensation,
          gammafunk_ghost_gnarly_gnolls, minmay_shop_damaged
D:7:      layout_basic, minmay_ruined_shrine, uniq_maggie
Temple:   eino_narrow_crystal_temple

Skill      XL: |  1  2  3  4  5  6  7  8 |
---------------+-------------------------+-----
Polearms       | 3 4 5 6 7 |  7.3
Fighting       | 4 |  4.5
Long Blades    | 3 5 |  5.1
Ranged Weapons | 1 |  1.4
Dodging        | |  2.0
Stealth        | |  5.0

Action                     |  1- 3 |  4- 6 |  7- 9 || total
---------------------------+-------+-------+-------++-------
  Melee: Spear             |    63 |   422 |    75 ||   560
         Punch             |     1 |     2 |     1 ||     4
         Triple sword      |       |       |    84 ||    84
    Use: Scroll            |     1 |     5 |    12 ||    18
         Potion            |       |     2 |     3 ||     5
   Stab: Sleeping          |     1 |    14 |       ||    15
         Distracted        |       |     1 |       ||     1
 Armour: Leather armour    |    26 |    10 |       ||    36
         Ring mail         |       |   222 |   161 ||   383
  Dodge: Dodged            |    27 |   181 |   131 ||   339

Table legend: (Time is in decaauts)
 A = Elapsed time spent in this place.
 B = Non-inter-level travel time spent in this place.
 C = Inter-level travel time spent in this place.
 D = Time resting spent in this place.
 E = Time spent auto-exploring this place.
 F = Levels seen in this place.
 G = Mean time per level.
                   A        B        C        D        E       F      G
               +--------+--------+--------+--------+--------+-----+--------+
         Total |   5763 |   5629 |    134 |   1077 |   2827 |   8 |  720.4 |
       Dungeon |   5746 |   5619 |    127 |   1077 |   2827 |   7 |  820.9 |
        Temple |     16 |      9 |      7 |      0 |      0 |   1 |   16.0 |
               +--------+--------+--------+--------+--------+-----+--------+

Top non-repeatable levels by time:
     D:6: 1705 daAuts
     D:3: 876 daAuts
     D:4: 852 daAuts
     D:1: 781 daAuts
     D:2: 708 daAuts
     D:7: 488 daAuts
     D:5: 333 daAuts
  Temple: 16 daAuts
